[Event "4th Memorial Warakomska-B 2020"]
[Site "Suwalki"]
[Date "2020.08.06"]
[Round "6.35"]
[White "Pietryk, Hanna"]
[Black "Peksa, Piotr"]
[Result "1/2-1/2"]
[ECO "C48"]
[WhiteElo "1161"]
[BlackElo "1018"]
[Annotator "NA"]
[PlyCount "51"]
[EventDate "2020.08.06"]
[EventType "swiss"]
[EventCountry "POL"]
[SourceTitle "playchess.com"]
[Source "ChessBase"]
[SourceQuality "1"]
[TimeControl "40/5400+30:1800+30"]

1. e4 e5 2. Nf3 Nc6 3. Bb5 Bc5 4. Nc3 Nf6 5. d3 a6 6. Bxc6 dxc6 7. Nxe5 Qd4 8. Be3 Qxe5 9. d4 Bxd4 10. Qxd4 Qxd4 11. Bxd4 Ke7 12. O-O Bg4 13. f3 Be6 14. Bc5+ Ke8 15. Be3 h6 16. Bf4 Rc8 17. Be5 Ke7 18. Rad1 g6 19. a3 Rhe8 20. Rd2 Nd7 21. Bg3 Nb6 22. b3 h5 23. Rfd1 g5 24. h4 f6 25. hxg5 fxg5 26. Bh2 1/2-1/2

[Event "4th Memorial Warakomska-B 2020"]
[Site "Suwalki"]
[Date "2020.08.11"]
[Round "7.1"]
[White "Rak, Tomasz"]
[Black "Wolagiewicz, Kinga"]
[Result "1-0"]
[ECO "D05"]
[WhiteElo "1879"]
[BlackElo "1719"]
[Annotator "NA"]
[PlyCount "67"]
[EventDate "2020.08.06"]
[EventType "swiss"]
[EventCountry "POL"]
[SourceTitle "playchess.com"]
[Source "ChessBase"]
[SourceQuality "1"]
[TimeControl "40/5400+30:1800+30"]

1. d4 d5 2. e3 Nf6 3. Bd3 e6 4. Nd2 c5 5. c3 Nbd7 6. f4 {[%emt 0:00:41] D00: 1 d4 d5: Unusual lines.} b6 7. Qf3 h5 8. Nh3 Bb7 {[%emt 0:06:35] [#]} 9. Ng5 $146 ({Predecessor:} 9. Nf2 Be7 10. a4 a5 11. Qe2 Qc7 12. O-O g6 13. b3 Bd6 14. h4 Nb8 15. Bb2 {0-1 (29) Bahr,E (2020)-Mitscherling,R (1995) Mecklenburg VP 2006}) 9... cxd4 (9... Rc8 $11) 10. exd4 Bd6 11. O-O Qe7 12. Qh3 Ng4 13. Ndf3 Ndf6 14. Bb5+ Kd8 15. Ne5 Rf8 16. Be2 Kc7 17. Nxg4 hxg4 18. Bxg4 Rh8 19. Qf3 Nxg4 20. Qxg4 Rh6 21. Qe2 Rah8 22. h3 $16 Bc8 23. Bd2 Qf6 24. a4 Qf5 25. a5 Rg6 26. axb6+ Kxb6 27. c4 dxc4 28. Qxc4 a6 29. Ra5 Rxg5 30. fxg5 Qe4 31. Rfa1 Qb7 32. d5 exd5 33. Be3+ Bc5 34. Qxc5# 1-0

[Event "4th Memorial Warakomska-B 2020"]
[Site "Suwalki"]
[Date "2020.08.11"]
[Round "7.2"]
[White "Kaminski, Maciej"]
[Black "Wierzbicki, Michal"]
[Result "0-1"]
[ECO "C11"]
[WhiteElo "1869"]
[BlackElo "1849"]
[Annotator "NA"]
[PlyCount "78"]
[EventDate "2020.08.06"]
[EventType "swiss"]
[EventCountry "POL"]
[SourceTitle "playchess.com"]
[Source "ChessBase"]
[SourceQuality "1"]
[TimeControl "40/5400+30:1800+30"]

1. e4 e6 2. d4 d5 3. Nc3 Nf6 4. e5 Nfd7 5. f4 c5 6. Nf3 Nc6 7. Be3 a6 8. Qd2 b5 9. dxc5 Bxc5 10. Bd3 {[%emt 0:00:11] 10.Ne2 is the modern continuation. C11: French: Classical System: 4 e5 and 4 Bg5 dxe4.} Qb6 11. Bf2 Bb7 12. O-O Bxf2+ 13. Qxf2 {[%emt 0:00:19] [#]} g6 $146 ({Predecessor:} 13... Qxf2+ 14. Rxf2 Ke7 15. Ne2 f6 16. Ned4 Nxd4 17. Nxd4 fxe5 18. fxe5 b4 19. Raf1 Raf8 20. Rxf8 Nxf8 {½-½ (75) Kravtsiv,M (2662)-Erigaisi,A (2505) Mumbai 2018}) 14. a4 Qxf2+ 15. Kxf2 b4 16. Ne2 Nc5 17. Ke3 O-O 18. Ned4 f6 19. exf6 Rxf6 20. Ne5 Nxe5 21. fxe5 $14 Rxf1 22. Rxf1 Nxa4 23. Nxe6 Nxb2 24. Kd4 Nxd3 25. cxd3 a5 26. Nc5 Bc6 27. Rf6 Rc8 28. g4 a4 29. e6 Rf8 30. g5 a3 31. Ke5 a2 32. Nb3 Ba4 33. e7 Rb8 34. Na1 b3 35. Rd6 b2 36. Rd8+ Be8 37. Nb3 b1=Q 38. Rxb8 a1=Q+ 39. Nd4 Qxb8+ 0-1

[Event "4th Memorial Warakomska-B 2020"]
[Site "Suwalki"]
[Date "2020.08.11"]
[Round "7.3"]
[White "Borowik, Wojciech"]
[Black "Ryszkiewicz, Adam"]
[Result "0-1"]
[ECO "A80"]
[WhiteElo "1769"]
[BlackElo "1941"]
[Annotator "ChessBase"]
[PlyCount "118"]
[EventDate "2020.08.06"]
[EventType "swiss"]
[EventCountry "POL"]
[SourceTitle "playchess.com"]
[Source "ChessBase"]
[SourceQuality "1"]
[TimeControl "40/5400+30:1800+30"]

1. d4 f5 2. Nf3 Nf6 3. c4 e6 4. e3 Bb4+ 5. Nbd2 O-O 6. a3 Bxd2+ 7. Nxd2 d6 8. Be2 Qe7 9. b4 e5 10. dxe5 dxe5 11. Bb2 a5 12. Bc3 Nc6 13. b5 Nd8 14. O-O Nf7 15. Qc2 Rd8 16. a4 b6 17. Bf3 e4 18. Be2 Bb7 19. Nb3 Nd7 20. Bb2 Nde5 21. Nd4 Qf6 22. c5 Bd5 23. f4 exf3 24. Bxf3 Qg5 25. Rae1 bxc5 26. Bxd5 Rxd5 27. Ne6 Qe7 28. Qxf5 Nd6 29. Qh3 Nd3 30. Nxc7 Nxe1 31. Nxd5 Qe4 32. Nf6+ gxf6 33. Qg3+ Qg6 34. Qxg6+ hxg6 35. Rxe1 Kf7 36. Ba3 Ne4 37. Rc1 Rc8 38. Rc4 f5 39. Rc2 Ke6 40. Kf1 c4 41. Ke2 Kd5 42. g3 Rh8 43. Kf3 c3 44. Bc1 Kc4 45. Ra2 Kb3 46. Ra3+ Kc2 47. Ra1 Nd2+ 48. Bxd2 cxd2 49. Ra2+ Kc1 50. Ra1+ Kb2 51. Rh1 Kc2 52. Ke2 Rxh2+ 53. Rxh2 d1=Q+ 54. Kf2 Kd3 55. Rh4 Qe2+ 56. Kg1 Qxe3+ 57. Kg2 g5 58. Rh1 Qe4+ 59. Kh2 Qxa4 0-1

[Event "4th Memorial Warakomska-B 2020"]
[Site "Suwalki"]
[Date "2020.08.11"]
[Round "7.4"]
[White "Sapeta, Robert"]
[Black "Bancarewicz, Aleks"]
[Result "1/2-1/2"]
[ECO "B51"]
[WhiteElo "1895"]
[BlackElo "1781"]
[Annotator "NA"]
[PlyCount "63"]
[EventDate "2020.08.06"]
[EventType "swiss"]
[EventCountry "POL"]
[SourceTitle "playchess.com"]
[Source "ChessBase"]
[SourceQuality "1"]
[TimeControl "40/5400+30:1800+30"]

1. e4 c5 2. Nf3 d6 3. Bb5+ Nd7 4. O-O a6 5. Bc4 e6 6. d4 b5 7. Bd3 cxd4 8. Nxd4 Bb7 9. a4 b4 10. c3 bxc3 11. Nxc3 Ngf6 12. Kh1 Be7 13. Qe2 O-O 14. f4 Nc5 15. Bc2 d5 {[%emt 0:03:54] [#]} 16. e5 $1 Nfe4 $16 17. f5 Qc7 18. f6 gxf6 19. Nxe4 Nxe4 20. Bxe4 Qxe5 21. Qg4+ Kh8 22. Bxh7 Kxh7 23. Qh4+ Kg8 24. Rf3 f5 25. Rg3+ Qxg3 26. Qxg3+ Kh7 27. Qc7 Bf6 28. Nxe6 Rae8 29. Nxf8+ Kg8 30. Qg3+ Kh8 31. Bg5 Bg7 32. Nd7 1/2-1/2

[Event "4th Memorial Warakomska-B 2020"]
[Site "Suwalki"]
[Date "2020.08.11"]
[Round "7.5"]
[White "Sapinski, Sebastian"]
[Black "Widelski, Kacper"]
[Result "1-0"]
[ECO "B33"]
[WhiteElo "1603"]
[BlackElo "1879"]
[Annotator "NA"]
[PlyCount "69"]
[EventDate "2020.08.06"]
[EventType "swiss"]
[EventCountry "POL"]
[SourceTitle "playchess.com"]
[Source "ChessBase"]
[SourceQuality "1"]
[TimeControl "40/5400+30:1800+30"]

1. e4 c5 2. Nf3 Nc6 3. d4 cxd4 4. Nxd4 Nf6 5. Nc3 e5 6. Ndb5 d6 7. Bg5 a6 8. Na3 b5 9. Nd5 Be7 10. Bxf6 Bxf6 11. c3 O-O 12. Be2 Bg5 13. Nc2 Be6 14. O-O Ne7 {[%emt 0:02:57] B33: Sicilian: Pelikan and Sveshnikov Variations.} 15. Ncb4 Nxd5 (15... a5 $5 16. Nxe7+ Qxe7 $11) 16. Nxd5 Rb8 17. b3 g6 18. a4 bxa4 19. Rxa4 a5 20. Bc4 {[%emt 0:01:05] [#]} h5 $146 ({Predecessor:} 20... f5 21. exf5 gxf5 22. Qa1 e4 23. Rxa5 Rb7 24. f4 exf3 25. Rxf3 f4 26. Ra7 Rbf7 27. Rxf7 Rxf7 {1-0 (33) Yatsishin,I-Heinich,M Ustron 1994}) 21. Qd3 h4 (21... Bd7 $16) 22. Rfa1 h3 {[%emt 0:07:42] [#]} 23. g3 $18 ({Don't do} 23. Rxa5 $6 hxg2 24. Ra7 (24. Kxg2 Kg7 $14) 24... Kg7 $14) 23... Kh8 24. Rxa5 f5 25. Ra7 f4 26. Nxf4 exf4 27. Bxe6 Qf6 28. Qd4 fxg3 29. hxg3 Qxd4 30. cxd4 Rf3 31. Rc7 Bd8 32. Rd7 Bb6 33. Rxd6 Kg7 34. Ra6 Bd8 35. Bxh3 1-0

[Event "4th Memorial Warakomska-B 2020"]
[Site "Suwalki"]
[Date "2020.08.11"]
[Round "7.6"]
[White "Kiolbasa, Damian"]
[Black "Kotarski, Bartosz"]
[Result "1-0"]
[ECO "B24"]
[WhiteElo "1973"]
[BlackElo "1742"]
[Annotator "ChessBase"]
[PlyCount "63"]
[EventDate "2020.08.06"]
[EventType "swiss"]
[EventCountry "POL"]
[SourceTitle "playchess.com"]
[Source "ChessBase"]
[SourceQuality "1"]
[TimeControl "40/5400+30:1800+30"]

1. e4 c5 2. Nc3 Nc6 3. Bb5 d6 4. f4 g6 5. Nf3 Bg7 6. O-O Nf6 7. e5 dxe5 8. Nxe5 Bd7 9. d3 O-O 10. Bxc6 Bxc6 11. Nxc6 bxc6 12. Qf3 c4 13. dxc4 Qd4+ 14. Kh1 Qxc4 15. b3 Qa6 16. Bb2 Rfd8 17. Rad1 e6 18. Na4 Nd5 19. Bxg7 Kxg7 20. c4 Ne7 21. Qc3+ Kg8 22. Nc5 Qxa2 23. Nd7 Qa3 24. Nf6+ Kf8 25. Nxh7+ Kg8 26. Nf6+ Kf8 27. Nd7+ Kg8 28. Rd3 Nd5 29. cxd5 Rxd7 30. Rh3 f6 31. Qxf6 Rg7 32. Qxe6+ 1-0

[Event "4th Memorial Warakomska-B 2020"]
[Site "Suwalki"]
[Date "2020.08.11"]
[Round "7.7"]
[White "Cwiek, Ryszard"]
[Black "Stefaniuk, Zbigniew"]
[Result "1/2-1/2"]
[ECO "B20"]
[WhiteElo "1867"]
[BlackElo "1538"]
[Annotator "NA"]
[PlyCount "93"]
[EventDate "2020.08.06"]
[EventType "swiss"]
[EventCountry "POL"]
[SourceTitle "playchess.com"]
[Source "ChessBase"]
[SourceQuality "1"]
[TimeControl "40/5400+30:1800+30"]

1. e4 c5 2. Ne2 Nc6 3. g3 d5 4. Bg2 dxe4 5. Bxe4 Nf6 6. Bg2 {[%emt 0:00:28] B20: Sicilian: Unusual White 2nd moves.} Bf5 7. d3 e6 {[%emt 0:01:24] [#]} 8. Na3 $146 ({Predecessor:} 8. Nbc3 Qd7 9. b3 Rc8 10. Bb2 Be7 11. Ne4 Nd4 12. c4 Nxe4 13. dxe4 Bg4 14. Bxd4 cxd4 {½-½ (32) Yang,B (1889)-Dai,C (2458) Jiangmen 2018}) 8... Be7 9. Nc4 h6 10. Bf4 (10. Bxc6+ $5 bxc6 11. O-O $11) 10... O-O 11. O-O Nd5 12. Ne3 Bh7 (12... Nxe3 $15 13. Bxe3 Rc8) 13. Nxd5 exd5 14. Nc3 d4 15. Nd5 Bd6 16. Qh5 Bg6 17. Qg4 h5 18. Qd1 Ne7 19. Nxe7+ Qxe7 20. Re1 Qc7 21. Bxd6 Qxd6 22. b3 Qc7 23. Be4 Rae8 24. Qf3 Qa5 25. Re2 Qc3 26. Rae1 Bxe4 27. Rxe4 Qxe1+ 28. Rxe1 Rxe1+ 29. Kg2 b6 30. Qb7 Re2 31. Qxa7 Rxc2 32. Qxb6 Re8 33. a4 Ree2 34. Qb8+ Kh7 35. Qf4 Kg6 36. h3 f6 37. g4 hxg4 38. hxg4 Re5 39. Qf3 Rb2 40. a5 Ra2 41. Qa8 Ree2 {[%emt 0:02:36] [#]} 42. Kg3 $1 Rxf2 43. Qe8+ Kh7 44. Qh5+ Kg8 45. Qd5+ Kh7 46. a6 Rfe2 $11 47. Qh5+ 1/2-1/2

[Event "4th Memorial Warakomska-B 2020"]
[Site "Suwalki"]
[Date "2020.08.11"]
[Round "7.8"]
[White "Milewski, Karol"]
[Black "Czech, Mieczyslaw"]
[Result "1/2-1/2"]
[ECO "D35"]
[WhiteElo "1795"]
[BlackElo "1863"]
[Annotator "NA"]
[PlyCount "160"]
[EventDate "2020.08.06"]
[EventType "swiss"]
[EventCountry "POL"]
[SourceTitle "playchess.com"]
[Source "ChessBase"]
[SourceQuality "1"]
[TimeControl "40/5400+30:1800+30"]

1. d4 d5 2. c4 e6 3. Nc3 Nf6 4. cxd5 exd5 5. Bg5 Be7 6. e3 c6 7. Bd3 O-O 8. Nge2 Re8 9. O-O Nbd7 10. Qc2 Nf8 11. Rab1 Be6 12. b4 {[%emt 0:03:41] D36: Queen's Gambit Declined: Exchange Variation: Main line (5 Bg5 c6 6 Qc2).} Rc8 13. f3 Nh5 14. Bxe7 Qxe7 {[%emt 0:00:32] [#]} 15. a3 $146 ({Predecessor:} 15. e4 dxe4 16. fxe4 Rcd8 17. e5 f6 18. Ne4 fxe5 19. dxe5 Bd5 20. Nd6 Qg5 21. Rf2 Rxe5 22. Nxb7 {0-1 (32) Blokh,M-Lepikhov,A ICCF corr 1992}) 15... g6 16. e4 dxe4 17. fxe4 Qg5 18. Qc1 Qxc1 19. Rbxc1 g5 (19... Rcd8 $11) 20. e5 Bd5 21. g4 Ng7 22. Nxd5 cxd5 23. Nc3 Rcd8 24. Nb5 Nge6 25. Nd6 Re7 26. Nf5 Red7 27. Bb5 Nf4 28. Kh1 f6 29. exf6 Kf7 30. h4 Kxf6 31. hxg5+ Kxg5 32. Bxd7 Rxd7 33. Rc8 N8g6 34. Rc3 Kxg4 35. Ne3+ Kg5 36. Ng2 Ne2 37. Rd3 Re7 38. Re1 Re4 39. Re3 Rxe3 40. Nxe3 Nxd4 41. Nxd5 Nc2 42. Rc1 Nxa3 43. Rc7 Kf5 $1 44. Ne7+ Nxe7 45. Rxe7 b6 46. Rxa7 Nc2 47. b5 Nd4 48. Rxh7 Ke4 49. Rb7 Nxb5 50. Rxb6 Nd4 51. Kg2 Ke3 52. Kf1 Kf3 53. Rb4 Ke3 54. Rb8 Ke4 55. Kf2 Kf4 56. Rb4 $11 Ke4 57. Kg3 Ke5 58. Rb8 Ne2+ 59. Kf3 Nd4+ 60. Ke3 Nf5+ 61. Kd3 Nd6 62. Rh8 Nf5 63. Re8+ Kf4 64. Re4+ Kg5 65. Ra4 Kf6 66. Ke4 Nd6+ 67. Kf4 Ke6 68. Ra5 Kf6 69. Rd5 Ke6 70. Rh5 Nf7 71. Ke4 Nd6+ 72. Kd4 Nf5+ 73. Kc5 Ke5 74. Rh1 Ne3 75. Rh8 Ke4 76. Rh4+ Ke5 77. Rh8 Ke4 78. Re8+ Kd3 79. Rd8+ Ke4 80. Rd4+ Ke5 1/2-1/2

[Event "4th Memorial Warakomska-B 2020"]
[Site "Suwalki"]
[Date "2020.08.11"]
[Round "7.9"]
[White "Zalega, Maciej"]
[Black "Kitewski, Bartosz"]
[Result "1-0"]
[ECO "C02"]
[WhiteElo "1743"]
[BlackElo "1718"]
[Annotator "NA"]
[PlyCount "87"]
[EventDate "2020.08.06"]
[EventType "swiss"]
[EventCountry "POL"]
[SourceTitle "playchess.com"]
[Source "ChessBase"]
[SourceQuality "1"]
[TimeControl "40/5400+30:1800+30"]

1. e4 e6 2. d4 d5 3. e5 c5 4. c3 Nc6 5. Nf3 Qb6 6. a3 Bd7 7. b4 cxd4 8. cxd4 Rc8 9. Bb2 Nh6 10. Nc3 Na5 11. Na4 Bxa4 12. Qxa4+ Nc6 13. Rc1 a6 14. Bd3 Be7 15. O-O O-O 16. Qc2 Nxe5 17. Qxc8 Nxf3+ 18. gxf3 Rxc8 19. Rxc8+ Bd8 20. b5 g6 21. bxa6 bxa6 22. Bc3 Kg7 23. Bb4 Bg5 24. Rb1 Qa7 25. Bc5 Qd7 26. Bxa6 Nf5 27. Rb4 Nh4 28. Ra8 Nxf3+ 29. Kg2 Nh4+ 30. Kf1 Qc7 31. Rb7 Qxh2 32. Bf8+ Kf6 33. Be7+ Kf5 34. Bd3+ Kg4 35. Be2+ Nf3 36. Bxf3+ Kxf3 37. Rb3+ Ke4 38. Bxg5 Qh1+ 39. Ke2 Qh5+ 40. f3+ Kxd4 41. Bf4 e5 42. Be3+ Kc4 43. Rb4+ Kc3 44. Rc8# 1-0

[Event "4th Memorial Warakomska-B 2020"]
[Site "Suwalki"]
[Date "2020.08.11"]
[Round "7.10"]
[White "Obolonin, Filipp"]
[Black "Wydornik, Robert"]
[Result "1-0"]
[ECO "D02"]
[WhiteElo "1922"]
[BlackElo "1361"]
[Annotator "ChessBase"]
[PlyCount "77"]
[EventDate "2020.08.06"]
[EventType "swiss"]
[EventCountry "POL"]
[SourceTitle "playchess.com"]
[Source "ChessBase"]
[SourceQuality "1"]
[TimeControl "40/5400+30:1800+30"]

1. d4 d5 2. Nf3 Nf6 3. g3 e6 4. Bg2 c5 5. O-O cxd4 6. Nxd4 Be7 7. c4 O-O 8. cxd5 Nxd5 9. e4 Nf6 10. Nc3 e5 11. Nb3 Bg4 12. Qe1 a6 13. Be3 Nbd7 14. f3 Be6 15. Rd1 Bxb3 16. axb3 Bb4 17. Qe2 Qe7 18. Kh1 Rac8 19. Na2 Bc5 20. Bg5 h6 21. Bd2 Rfd8 22. Bh3 Rb8 23. b4 Bd4 24. b5 axb5 25. Qxb5 Qc5 26. Qb3 Qb6 27. Bb4 Bc5 28. Qc3 Ra8 29. Bxd7 Bd4 30. Qb3 Rxd7 31. Nc1 Rad8 32. Nd3 Nh7 33. Qc2 Bxb2 34. Bc5 Qb5 35. Qxb2 Qc4 36. Bb6 Rc8 37. Nxe5 Rxd1 38. Rxd1 Ng5 39. Nxc4 1-0

[Event "4th Memorial Warakomska-B 2020"]
[Site "Suwalki"]
[Date "2020.08.11"]
[Round "7.11"]
[White "Ciszewski, Krzysztof"]
[Black "Cwiek, Stefan"]
[Result "1-0"]
[ECO "D06"]
[WhiteElo "1728"]
[BlackElo "1349"]
[Annotator "NA"]
[PlyCount "149"]
[EventDate "2020.08.06"]
[EventType "swiss"]
[EventCountry "POL"]
[SourceTitle "playchess.com"]
[Source "ChessBase"]
[SourceQuality "1"]
[TimeControl "40/5400+30:1800+30"]

1. d4 d5 2. c4 Bf5 3. Nc3 e6 4. Nf3 c6 5. Bf4 Bd6 6. Bxd6 Qxd6 7. c5 Qc7 8. e3 Nd7 9. Be2 Ne7 10. O-O O-O 11. b4 b5 12. a4 a6 13. Qb3 e5 14. Ra3 exd4 15. exd4 Ra7 16. Rfa1 Rfa8 17. Qa2 Nc8 18. Qd2 Nf6 19. Qg5 Bc2 20. Qe5 Qd7 21. h3 bxa4 22. Nxa4 Rb7 23. Bxa6 Rxa6 24. Nb6 Raxb6 25. cxb6 Rxb6 26. Qe2 Bg6 27. Ne5 Qb7 28. Ra8 h6 29. Nxg6 fxg6 30. Qe6+ Kh7 31. Rxc8 Qd7 32. Qxd7 Nxd7 33. Rc7 Nf6 34. Raa7 Ne8 35. Re7 Rb8 36. Rab7 Rc8 37. Kf1 g5 38. g4 h5 39. gxh5 Kh6 40. Re6+ Kxh5 41. Rb6 Nf6 42. Rbxc6 Rb8 43. Rb6 Ra8 44. b5 Ra4 45. Rb8 Rxd4 46. b6 g4 47. b7 Rb4 48. Rh8+ Kg5 49. h4+ Kf5 50. Rxf6+ Kxf6 51. b8=Q Rxb8 52. Rxb8 Ke5 53. Re8+ Kf4 54. Kg2 d4 55. Rd8 Ke4 56. Kg3 d3 57. Kxg4 g6 58. Kg5 Kf3 59. Kxg6 Kxf2 60. h5 Ke2 61. h6 d2 62. Rxd2+ Kxd2 63. h7 Ke3 64. h8=Q Kd3 65. Qh4 Ke3 66. Kf5 Kd3 67. Ke5 Kc3 68. Kd5 Kd3 69. Qd4+ Ke2 70. Qc3 Kf2 71. Ke4 Kg2 72. Qf3+ Kh2 73. Qg4 Kh1 74. Kf3 Kh2 75. Qg2# 1-0

[Event "4th Memorial Warakomska-B 2020"]
[Site "Suwalki"]
[Date "2020.08.11"]
[Round "7.12"]
[White "Kasperczyk, Szymon"]
[Black "Jaszczuk, Piotr"]
[Result "1/2-1/2"]
[ECO "A46"]
[WhiteElo "1711"]
[BlackElo "1283"]
[Annotator "NA"]
[PlyCount "117"]
[EventDate "2020.08.06"]
[EventType "swiss"]
[EventCountry "POL"]
[SourceTitle "playchess.com"]
[Source "ChessBase"]
[SourceQuality "1"]
[TimeControl "40/5400+30:1800+30"]

1. d4 Nf6 2. Nf3 e6 3. Bg5 b6 4. g3 Bb7 5. Bg2 h6 6. Bxf6 Qxf6 7. Nbd2 d5 8. O-O Bd6 9. Re1 O-O 10. e4 dxe4 11. Nxe4 Qe7 12. Qd3 f5 13. Ned2 Qf6 14. Re2 Nd7 15. Ne5 Bxe5 16. Bxb7 Rab8 17. dxe5 Nxe5 18. Qc3 Rxb7 19. Qxe5 Qxe5 20. Rxe5 Kf7 21. Rae1 Re8 22. Nf3 c5 23. Rd1 Rbe7 24. Ne1 Kf6 25. f4 g5 26. Kf2 gxf4 27. gxf4 Rg8 28. h3 Reg7 29. Rd6 Re8 30. Nf3 Rge7 31. Re1 Rg7 32. a3 Rg6 33. Rg1 Rxg1 34. Kxg1 Rg8+ 35. Kf2 Ke7 36. Rd1 Rb8 37. Ne5 Rb7 38. Rg1 Kd6 39. c4 b5 40. Rd1+ Ke7 41. Nc6+ Kf6 42. Na5 Rb6 43. Rd7 Ra6 44. Nb3 bxc4 45. Nd2 c3 46. bxc3 Rxa3 47. Nf3 Kg6 48. Ne5+ Kh5 49. c4 a5 50. Rc7 a4 51. Rxc5 Rxh3 52. Ra5 a3 53. c5 Rc3 54. c6 Kh4 55. Ke2 a2 56. Kd2 Rc5 57. Rxa2 Kg3 58. Ra3+ Kg2 59. Rc3 1/2-1/2

[Event "4th Memorial Warakomska-B 2020"]
[Site "Suwalki"]
[Date "2020.08.11"]
[Round "7.13"]
[White "Harasimczuk, Jakub"]
[Black "Wasik, Jozef"]
[Result "0-1"]
[ECO "D10"]
[WhiteElo "1400"]
[BlackElo "1646"]
[Annotator "NA"]
[PlyCount "82"]
[EventDate "2020.08.06"]
[EventType "swiss"]
[EventCountry "POL"]
[SourceTitle "playchess.com"]
[Source "ChessBase"]
[SourceQuality "1"]
[TimeControl "40/5400+30:1800+30"]

1. d4 d5 2. c4 c6 3. Nc3 Nf6 4. e3 g6 5. Nf3 Bg7 6. cxd5 cxd5 7. Bd3 Nc6 8. a3 O-O 9. O-O Bg4 10. Be2 Rc8 11. h3 Bf5 12. Nh4 Ne4 13. Nxf5 gxf5 14. Qb3 Nxc3 15. bxc3 Qd7 16. a4 Rc7 17. a5 Rfc8 18. Bd2 e6 19. Rfc1 a6 20. c4 dxc4 21. Rxc4 e5 22. Bf3 exd4 23. Rd1 Ne5 24. Rxc7 Nxf3+ 25. gxf3 Qxc7 26. Rb1 dxe3 27. Qxe3 Rd8 28. Qe2 Bd4 29. Kg2 Ba7 30. Rc1 Qd6 31. Be3 Re8 32. Qc2 Bxe3 33. fxe3 Rxe3 34. Rd1 Qe6 35. Rd8+ Kg7 36. Kf2 f4 37. Qd2 Qf6 38. Qd1 Qh4+ 39. Kg1 Re1+ 40. Qxe1 Qxe1+ 41. Kg2 Qxa5 0-1

[Event "4th Memorial Warakomska-B 2020"]
[Site "Suwalki"]
[Date "2020.08.11"]
[Round "7.14"]
[White "Lukasik, Zuzanna"]
[Black "Kaznowska, Weronika"]
[Result "1-0"]
[ECO "B06"]
[WhiteElo "1553"]
[BlackElo "1594"]
[Annotator "NA"]
[PlyCount "87"]
[EventDate "2020.08.06"]
[EventType "swiss"]
[EventCountry "POL"]
[SourceTitle "playchess.com"]
[Source "ChessBase"]
[SourceQuality "1"]
[TimeControl "40/5400+30:1800+30"]

1. e4 g6 2. d4 Bg7 3. Nc3 c6 4. Nf3 d5 5. e5 Bg4 6. Be2 f6 7. exf6 Nxf6 8. O-O Bxf3 9. Bxf3 O-O 10. Re1 Nbd7 11. Bg5 Rf7 12. Bg4 Nxg4 13. Qxg4 Bf6 14. Bxf6 Nxf6 15. Qd1 Qd6 16. Re3 Re8 17. Qe2 Qf4 18. Rd3 Ng4 19. Rg3 Qxf2+ 20. Qxf2 Nxf2 21. h3 e5 22. Re1 e4 23. Re2 Ref8 24. Rd2 Rf4 25. Re3 R8f6 26. Ree2 e3 27. Rxe3 Ne4 28. Nxe4 Rxe4 29. Rxe4 dxe4 30. Re2 Re6 31. Kf2 Kf7 32. Ke3 g5 33. Rf2+ Ke7 34. Rf5 h6 35. Re5 Rxe5 36. dxe5 Ke6 37. Kxe4 c5 38. c3 a6 39. g3 b6 40. a3 a5 41. b4 a4 42. bxc5 bxc5 43. g4 c4 44. Kd4 1-0

[Event "4th Memorial Warakomska-B 2020"]
[Site "Suwalki"]
[Date "2020.08.06"]
[Round "7.15"]
[White "Jasiulewicz, Dawid"]
[Black "Palejko, Maria"]
[Result "1/2-1/2"]
[ECO "D37"]
[WhiteElo "1374"]
[BlackElo "1218"]
[Annotator "NA"]
[PlyCount "103"]
[EventDate "2020.08.06"]
[EventType "swiss"]
[EventCountry "POL"]
[SourceTitle "playchess.com"]
[Source "ChessBase"]
[SourceQuality "1"]
[TimeControl "40/5400+30:1800+30"]

1. d4 d5 2. Nf3 Nf6 3. c4 e6 4. Nc3 Be7 5. Bf4 O-O 6. e3 c5 7. cxd5 exd5 8. Be2 Nc6 9. O-O Bf5 10. Rc1 cxd4 11. Nxd4 Nxd4 12. Qxd4 Be6 13. Bf3 Qd7 14. Rfd1 Rfd8 15. a3 b5 16. Rd2 Rac8 17. Rcd1 Qc6 18. Qxa7 Rd7 19. Qa5 b4 20. axb4 Qc4 21. Rd4 Qb3 22. Na4 Rdd8 23. R4d3 Qxb4 24. Qxb4 Bxb4 25. h3 h6 26. Nb6 Rc2 27. b3 Bf5 28. e4 Bxe4 29. Bxe4 Nxe4 30. Nxd5 Nxf2 31. Nxb4 Rxd3 32. Rxd3 Nxd3 33. Nxc2 Nxf4 34. Kf2 Kf8 35. Kf3 g5 36. Nd4 h5 37. Ne2 Ne6 38. Ng3 h4 39. Nf5 f6 40. b4 Nc7 41. Nd4 Nd5 42. b5 Ke7 43. Ke4 Kd6 44. Kf5 Kc5 45. b6 Kxb6 46. Nf3 Kc6 47. Nxg5 fxg5 48. Kxg5 Ne3 49. Kxh4 Nxg2+ 50. Kg5 Kd5 51. h4 Nxh4 52. Kf4 1/2-1/2

[Event "4th Memorial Warakomska-B 2020"]
[Site "Suwalki"]
[Date "2020.08.06"]
[Round "7.16"]
[White "Milanowski, Jan"]
[Black "Szewczyk, Malwina"]
[Result "1-0"]
[ECO "D02"]
[WhiteElo "1787"]
[BlackElo "1323"]
[Annotator "NA"]
[PlyCount "111"]
[EventDate "2020.08.06"]
[EventType "swiss"]
[EventCountry "POL"]
[SourceTitle "playchess.com"]
[Source "ChessBase"]
[SourceQuality "1"]
[TimeControl "40/5400+30:1800+30"]

1. d4 Nf6 2. Nf3 g6 3. Bf4 Bg7 4. c3 d5 5. Nbd2 b6 6. h3 Bb7 7. e3 O-O 8. Be2 c5 9. O-O Nc6 10. Bh2 e6 11. Re1 Rc8 12. Bd3 a6 13. Qe2 cxd4 14. exd4 b5 15. b4 Nd7 16. a4 Na7 17. Ra3 bxa4 18. Bxa6 Qb6 19. Bd3 Rfe8 20. Nb1 e5 21. dxe5 Nxe5 22. Nxe5 Bxe5 23. Bxe5 f6 24. Qe3 d4 25. Qxd4 Qxd4 26. cxd4 fxe5 27. dxe5 Nc6 28. Bb5 Rxe5 29. Rxe5 Nxe5 30. Nc3 Nc4 31. Rxa4 Nd6 32. Ra3 Nxb5 33. Nxb5 Rc1+ 34. Kh2 Rb1 35. Ra7 Bc6 36. Nd4 Bd5 37. Rd7 Bc4 38. Rb7 Rd1 39. Nf3 Bd5 40. Rb8+ Kg7 41. Ne5 Rd2 42. Kg3 Re2 43. Ng4 Rb2 44. Ne3 Bc6 45. Rb6 Ba4 46. f3 h6 47. h4 h5 48. Nc4 Re2 49. b5 Re7 50. Nd6 Rd7 51. Kf4 Kf8 52. Rb8+ Ke7 53. Ne4 Bc2 54. b6 Bd3 55. b7 Rc7 56. Re8+ 1-0

[Event "4th Memorial Warakomska-B 2020"]
[Site "Suwalki"]
[Date "2020.08.06"]
[Round "7.17"]
[White "Wysocka, Edyta"]
[Black "Siekanska, Zuzanna"]
[Result "0-1"]
[ECO "B80"]
[WhiteElo "1327"]
[BlackElo "1680"]
[Annotator "NA"]
[PlyCount "66"]
[EventDate "2020.08.06"]
[EventType "swiss"]
[EventCountry "POL"]
[SourceTitle "playchess.com"]
[Source "ChessBase"]
[SourceQuality "1"]
[TimeControl "40/5400+30:1800+30"]

1. e4 c5 2. Nf3 e6 3. d4 cxd4 4. Nxd4 Nf6 5. Nc3 d6 6. Be3 a6 7. a4 Bd7 8. Be2 Nc6 9. Nb3 Na5 10. Nc1 Rc8 11. Bg5 h6 12. Bh4 Qb6 13. Bxf6 gxf6 14. Nd3 Nc4 15. Qc1 Nxb2 16. Qxb2 Qxb2 17. Nxb2 Rxc3 18. Bd3 Rc5 19. f4 Rg8 20. g3 Bc6 21. Rg1 Rh5 22. Rg2 f5 23. Rf2 fxe4 24. Be2 Rc5 25. Kd2 Bg7 26. Rb1 Bc3+ 27. Ke3 d5 28. Bd1 b5 29. axb5 d4+ 30. Ke2 Rxb5 31. Kf1 Rxb2 32. Rc1 e3 33. Re2 Bb5 0-1

[Event "4th Memorial Warakomska-B 2020"]
[Site "Suwalki"]
[Date "2020.08.06"]
[Round "7.18"]
[White "Pieczulis, Blazej"]
[Black "Kolcon, Waclaw"]
[Result "1-0"]
[ECO "D66"]
[WhiteElo "1608"]
[BlackElo "1235"]
[Annotator "NA"]
[PlyCount "41"]
[EventDate "2020.08.06"]
[EventType "swiss"]
[EventCountry "POL"]
[SourceTitle "playchess.com"]
[Source "ChessBase"]
[SourceQuality "1"]
[TimeControl "40/5400+30:1800+30"]

1. d4 d5 2. c4 c6 3. Nc3 Nf6 4. Nf3 a6 5. cxd5 cxd5 6. Bg5 e6 7. e3 Be7 8. Bd3 Nbd7 9. O-O O-O 10. Rc1 b5 11. a4 b4 12. Na2 a5 13. Bb5 Ba6 14. Bxa6 Rxa6 15. Qd3 Rb6 16. b3 Ne8 17. Bxe7 Qxe7 18. Rc2 Nd6 19. Rfc1 Rc8 20. Rc7 Ra8 21. Ne5 1-0